 Dungeon Crawl Stone Soup version 0.31-a0-329-g52107efa6a (webtiles) character file.

Game seed: 151361830586048029

497 IndexError the Digger (level 7, -3/51 HPs)
             Began as a Gnoll Earth Elementalist on July 19, 2023.
             Was an Initiate of Vehumet.
             Slain by a black bear (4 damage)
             ... on level 4 of the Dungeon.
             The game lasted 00:04:26 (3523 turns).

IndexError the Digger (Gnoll Earth Elementalist)    Turns: 3523, Time: 00:04:26

Health: -3/51      AC:  2    Str:  7    XL:     7   Next: 16%
Magic:  8/15       EV: 13    Int: 17    God:    Vehumet [......]
Gold:   155        SH:  5    Dex: 12    Spells: 9/17 levels left

rFire   . . .        c - +0 spear
rCold   . . .        d - +1 buckler {rN+}
rNeg    + . .        a - +0 robe
rPois   .            (no helmet)
rElec   .            (no cloak)
rCorr   .            (no gloves)
SInv    .            (no boots)
Will    .....        (no amulet)
Stlth   +++          i - ring of wizardry {Wiz+, !d}
HPRegen 0.28/turn    (no ring)
MPRegen 0.14/turn

%: wizardry (x1)
@: no status effects
A: fangs 1, strong nose, distributed training
a: Renounce Religion


You were on level 4 of the Dungeon.
You worshipped Vehumet.
Vehumet was noncommittal.
You visited 2 branches of the dungeon, and saw 5 of its levels.

You collected 155 gold pieces.

Inventory:

Hand Weapons
 c - a +0 spear (weapon)
   (You found it on level 1 of the Dungeon)
Missiles
 n - 6 boomerangs
Armour
 a - a +0 robe (worn)
 d - a +1 buckler of positive energy (worn)
   (You found it on level 1 of the Dungeon)
Jewellery
 i - a ring of wizardry (left hand) {Wiz+, !d}
   (You found it on level 1 of the Dungeon)
Scrolls
 e - 3 scrolls of teleportation {unknown}
 h - a scroll of acquirement {unknown}
 j - a scroll of immolation {unknown}
 k - 5 scrolls of identify {unknown}
 l - 2 scrolls of amnesia {unknown}
 q - a scroll of poison {unknown}
 r - a scroll of enchant armour {unknown}
 t - a scroll of blinking {unknown}
 u - a scroll of fog {unknown}
Potions
 b - 3 potions of magic
 f - a potion of might {unknown}
 g - a potion of enlightenment {unknown}
 m - a potion of mutation {unknown}
 o - a potion of brilliance {unknown}
 p - a potion of curing {unknown}
 s - a potion of lignification {unknown}


   Skills:
 + Level 2.3 Fighting
 + Level 2.3 Short Blades
 + Level 2.3 Long Blades
 + Level 2.3 Axes
 + Level 2.3 Maces & Flails
 + Level 2.3 Polearms
 + Level 2.3 Staves
 + Level 2.3 Ranged Weapons
 + Level 2.3 Throwing
 + Level 2.3 Armour
 + Level 5.2 Dodging
 + Level 4.8 Stealth
 + Level 2.3 Shields
 + Level 2.3 Unarmed Combat
 + Level 5.5 Spellcasting
 + Level 1.9 Conjurations
 + Level 1.9 Hexes
 + Level 1.9 Summonings
 + Level 1.9 Necromancy
 + Level 1.9 Translocations
 + Level 2.9 Transmutations
 + Level 1.9 Fire Magic
 + Level 1.9 Ice Magic
 + Level 1.9 Air Magic
 + Level 5.8 Earth Magic
 + Level 1.9 Poison Magic
 + Level 2.6 Invocations
 + Level 2.3 Evocations
 + Level 1.9 Shapeshifting


You had 9 spell levels left.
You knew the following spells:

 Your Spells              Type           Power      Damage    Failure   Level
a - Sandblast             Erth           48%        2d12      1%          1
b - Poisonous Vapours     Pois/Air       22%        N/A       6%          2
w - Passwall              Tmut/Erth      15%        N/A       2%          2
x - Stone Arrow           Conj/Erth      34%        3d9       5%          3

Your spell library contained the following spells:

 Spells                   Type           Power      Damage    Failure   Level
 Static Discharge         Conj/Air       22%        2-3/arc   6%          2
 Hailstorm                Conj/Ice       11%        3d5       12%         3
 Mephitic Cloud           Conj/Pois/Air  11%        N/A       12%         3
 Petrify                  Tmut/Erth      19%        N/A       14%         4
 Airstrike                Air            5%         2d(1-17)  36%         4
 Summon Ice Beast         Ice/Summ       11%        N/A       36%         4
 Summon Lightning Spire   Summ/Air       11%        N/A       36%         4
 Freezing Cloud           Conj/Ice/Air   5%         6-21      69%         5
 Simulacrum               Ice/Necr       5%         N/A       99%         6


Dungeon Overview and Level Annotations

Branches:
Dungeon (4/15)             Temple (1/1) D:4

Altars:
Ashenzari
Cheibriados
Dithmenos
Elyvilon
Fedhas
Hepliaklqana
Okawaru
Ru
Sif Muna
Trog
Uskayaw
Vehumet
Wu Jian
Xom
The Shining One


Innate Abilities, Weirdness & Mutations

You have very sharp teeth.
Your uncanny sense of smell can sniff out nearby items.
Your experience applies equally to all skills.


Message History

A kobold comes into view. It is wielding a +0 rapier.
A kobold is nearby!
The blast of sand hits the kobold!!
Vehumet accepts your kill.
You now have 13/14 mp.
You can't see any susceptible monsters within range! (Use Z to cast anyway.)
You see here 3 stones.
l - 2 scrolls labelled REUPTAH APAUSM (gained 1)
b - 3 potions of magic (gained 1)
A hobgoblin comes into view.
MP restored: 14 A hobgoblin is nearby!
A hobgoblin is nearby!
The hobgoblin shouts!
There is an open door here.
An endoplasm comes into view.
The blast of sand misses the hobgoblin.
The endoplasm quivers.
You block the hobgoblin's attack. x2
You now have 13/14 mp.
The blast of sand hits the hobgoblin!
Vehumet accepts your kill.
You now have 12/14 mp.
The blast of sand hits the endoplasm!
Vehumet accepts your kill.
You now have 11/14 mp.
You can't see any susceptible monsters within range! (Use Z to cast anyway.)
You can't see any susceptible monsters within range! (Use Z to cast anyway.)
You see here a +0 club.
You see here a +0 club.
There is an open door here.
Things that are here:
a +0 rapier; 2 stones; a kobold corpse A phantom comes into view.
MP restored: 14 A phantom is nearby!
A phantom is nearby!
The blast of sand hits the phantom!
You now have 13/14 mp.
The blast of sand misses the phantom.
You now have 12/14 mp.
The blast of sand hits the phantom!
The phantom hits you.
The phantom blinks!
You blink.
You take 1 damage, and have 43/44 hp.
You now have 11/14 mp.
The blast of sand hits the phantom!
The phantom hits you. The phantom completely misses you.
You take 4 damage, and have 39/44 hp.
You now have 10/14 mp.
The blast of sand hits the phantom.
Vehumet accepts your kill.
You now have 155 gold pieces (gained 4).
A black bear comes into view.
Found a bloodstained altar of Trog.
Health restored: 44; MP restored: 14 A black bear is nearby!
A black bear is nearby!
A black bear comes into view.
The blast of sand hits the black bear.
The black bear growls angrily.
You now have 13/14 mp.
The blast of sand hits the black bear.
You now have 12/14 mp.
The blast of sand hits the black bear!
The black bear goes berserk!
The black bear bites you. The black bear claws you. x2
You take 13 damage, and have 31/44 hp.
MASSIVE DAMAGE!!
You now have 11/14 mp.
The blast of sand hits the black bear.
The black bear bites you! You block the black bear's attack.
The black bear claws you. You block the black bear's attack.
The black bear misses you. The black bear closely misses you.
You take 16 damage, and have 15/44 hp.
MASSIVE DAMAGE!!
You now have 10/14 mp.
You are too injured to fight recklessly!
Casting: Sandblast (safe; 1% risk of failure)
Confirm with . or Enter, or press ? or * to list all spells.
Aiming: Sandblast (safe; 1% risk of failure)
Press: ? - help, Shift-Dir - straight line, f/p - black bear
Aim: a black bear (almost dead, berserk, 87% to hit)
The blast of sand misses the black bear.
The black bear bites you!
* * * LOW HITPOINT WARNING * * *
You block the black bear's attack. The black bear closely misses you.
The black bear misses you. The black bear completely misses you.
The black bear claws you.
* * * LOW HITPOINT WARNING * * *
Casting: Sandblast (safe; 1% risk of failure)
Confirm with . or Enter, or press ? or * to list all spells.
Aiming: Sandblast (safe; 1% risk of failure)
Press: ? - help, Shift-Dir - straight line, f/p - black bear
Aim: a black bear (almost dead, berserk, 87% to hit)
The blast of sand hits the black bear!
Vehumet accepts your kill.
You have reached level 7!
You take 12 damage, and have 3/51 hp.
MASSIVE DAMAGE!!
You now have 9/15 mp.
Casting: Sandblast (safe; 1% risk of failure)
Confirm with . or Enter, or press ? or * to list all spells.
Aiming: Sandblast (safe; 1% risk of failure)
Press: ? - help, Shift-Dir - straight line, f - black bear
Aim: a black bear (87% to hit)
The blast of sand hits the black bear.
The black bear bites you.
* * * LOW HITPOINT WARNING * * *
You block the black bear's attack. The black bear claws you.
You die...

.####### .......# .##
.#####.# .. # .#####.# #
# ..P.. ....##.# .#.
._... .##.##.# #
#.#.PP..# .##.##.#
#.##.#.....# .......#
#....h...# .##.#### #@###
###.##### #...# #....>#
###...### #####.#
#.......# # ##.#.#
#.......#
####....######.......#
'.......)...............+
####....########.....####
# ##.#.# ##.#.##


You could see a black bear.

Vanquished Creatures
  Grinder (D:3)
  A black bear (D:4)
  A phantom (D:4)
  A sleepcap (D:4)
  5 adders
  3 dart slugs
  An orc (D:3)
  9 bats
  9 endoplasms
  2 giant cockroaches
  7 goblins
  6 hobgoblins
  3 jackals (D:3)
  9 kobolds
  2 quokkas (D:1)
  5 ball pythons
  10 frilled lizards
  6 rats
81 creatures vanquished.

Notes
Turn   | Place    | Note
-------+----------+-------------------------------------------
     0 | D:1      | IndexError the Gnoll Earth Elementalist began the quest for
                  | the Orb.
     0 | D:1      | Reached XP level 1. HP: 13/13 MP: 6/6
   146 | D:1      | Reached skill level 2 in Transmutations
   244 | D:1      | Reached XP level 2. HP: 19/19 MP: 5/7
   696 | D:1      | Reached XP level 3. HP: 25/25 MP: 7/9
   727 | D:1      | Reached skill level 5 in Spellcasting
   917 | D:1      | Learned a level 2 spell: Passwall
  1104 | D:2      | Reached skill level 1 in Invocations
  1144 | D:2      | Reached skill level 1 in Fighting
  1144 | D:2      | Reached skill level 1 in Short Blades
  1144 | D:2      | Reached skill level 1 in Long Blades
  1144 | D:2      | Reached skill level 1 in Axes
  1144 | D:2      | Reached skill level 1 in Maces & Flails
  1144 | D:2      | Reached skill level 1 in Polearms
  1144 | D:2      | Reached skill level 1 in Staves
  1144 | D:2      | Reached skill level 1 in Ranged Weapons
  1144 | D:2      | Reached skill level 1 in Throwing
  1144 | D:2      | Reached skill level 1 in Armour
  1144 | D:2      | Reached skill level 1 in Shields
  1144 | D:2      | Reached skill level 1 in Unarmed Combat
  1144 | D:2      | Reached skill level 1 in Evocations
  1282 | D:2      | Reached XP level 4. HP: 32/32 MP: 6/11
  2174 | D:3      | Reached skill level 1 in Conjurations
  2174 | D:3      | Reached skill level 1 in Hexes
  2174 | D:3      | Reached skill level 1 in Summonings
  2174 | D:3      | Reached skill level 1 in Necromancy
  2174 | D:3      | Reached skill level 1 in Translocations
  2174 | D:3      | Reached skill level 1 in Fire Magic
  2174 | D:3      | Reached skill level 1 in Ice Magic
  2174 | D:3      | Reached skill level 1 in Air Magic
  2174 | D:3      | Reached skill level 1 in Poison Magic
  2174 | D:3      | Reached skill level 1 in Shapeshifting
  2593 | D:3      | Noticed Grinder
  2594 | D:3      | Paralysed by Grinder for 5 turns
  2603 | D:3      | Paralysed by Grinder for 2 turns
  2605 | D:3      | Killed Grinder
  2606 | D:3      | Reached skill level 5 in Dodging
  2606 | D:3      | Reached skill level 2 in Invocations
  2606 | D:3      | Reached XP level 5. HP: 35/38 MP: 7/12
  2606 | D:3      | Reached XP level 6. HP: 40/44 MP: 8/14
  2615 | D:3      | Reached skill level 2 in Fighting
  2615 | D:3      | Reached skill level 2 in Short Blades
  2615 | D:3      | Reached skill level 2 in Long Blades
  2615 | D:3      | Reached skill level 2 in Axes
  2615 | D:3      | Reached skill level 2 in Maces & Flails
  2615 | D:3      | Reached skill level 2 in Polearms
  2615 | D:3      | Reached skill level 2 in Staves
  2615 | D:3      | Reached skill level 2 in Ranged Weapons
  2615 | D:3      | Reached skill level 2 in Throwing
  2615 | D:3      | Reached skill level 2 in Armour
  2615 | D:3      | Reached skill level 2 in Shields
  2615 | D:3      | Reached skill level 2 in Unarmed Combat
  2615 | D:3      | Reached skill level 2 in Evocations
  2986 | D:4      | Found a staircase to the Ecumenical Temple.
  2996 | Temple   | Entered the Ecumenical Temple
  3020 | Temple   | Became a worshipper of Vehumet
  3111 | D:4      | Learned a level 3 spell: Stone Arrow
  3114 | D:4      | Learned a level 2 spell: Poisonous Vapours
  3515 | D:4      | Found a bloodstained altar of Trog.
  3515 | D:4      | Noticed a black bear
  3516 | D:4      | Noticed a black bear
  3521 | D:4      | HP: 7/44 [black bear (8)]
  3521 | D:4      | HP: 2/44 [black bear (5)]
  3522 | D:4      | Killed a black bear
  3523 | D:4      | Reached XP level 7. HP: 3/51 MP: 9/15
  3523 | D:4      | Slain by a black bear

Illustrated notes

Levels and vault maps discovered:
D:1:      dpeg_arrival_concentric_ovals, layout_loops_ring
D:2:      layout_loops_ring, minmay_fountain_box, columned_hall_lemuel
D:3:      layout_basic, minmay_misc_feat_diagonals, minmay_misc_feat_iff,
          minmay_lizard_king, uniq_grinder
D:4:      layout_loops_corners, trog_ov_bears_minmay,
          minmay_temple_entry_drinking_statues
Temple:   eino_temple_water

Skill      XL: |  1  2  3  4  5  6 |
---------------+-------------------+-----
Transmutations | 2 |  2.9
Spellcasting   | 5 |  5.5
Invocations    | 1 2 |  2.6
Fighting       | 1 2 |  2.3
Short Blades   | 1 2 |  2.3
Long Blades    | 1 2 |  2.3
Axes           | 1 2 |  2.3
Maces & Flails | 1 2 |  2.3
Polearms       | 1 2 |  2.3
Staves         | 1 2 |  2.3
Ranged Weapons | 1 2 |  2.3
Throwing       | 1 2 |  2.3
Armour         | 1 2 |  2.3
Shields        | 1 2 |  2.3
Unarmed Combat | 1 2 |  2.3
Evocations     | 1 2 |  2.3
Conjurations   | 1 |  1.9
Hexes          | 1 |  1.9
Summonings     | 1 |  1.9
Necromancy     | 1 |  1.9
Translocations | 1 |  1.9
Fire Magic     | 1 |  1.9
Ice Magic      | 1 |  1.9
Air Magic      | 1 |  1.9
Poison Magic   | 1 |  1.9
Shapeshifting  | 1 |  1.9
Dodging        | 5 |  5.2
Stealth        | |  4.8
Earth Magic    | |  5.8

Action                     |  1- 3 |  4- 6 |  7- 9 || total
---------------------------+-------+-------+-------++-------
  Melee: Spear             |     3 |     1 |       ||     4
   Cast: Sandblast         |    42 |    72 |     1 ||   115
   Stab: Sleeping          |     1 |       |       ||     1
 Armour: Robe              |     2 |     1 |       ||     3
  Dodge: Dodged            |     5 |    13 |       ||    18
  Block: Buckler           |     1 |     6 |     1 ||     8

Table legend: (Time is in decaauts)
 A = Elapsed time spent in this place.
 B = Non-inter-level travel time spent in this place.
 C = Inter-level travel time spent in this place.
 D = Time resting spent in this place.
 E = Time spent auto-exploring this place.
 F = Levels seen in this place.
 G = Mean time per level.
                   A        B        C        D        E       F      G
               +--------+--------+--------+--------+--------+-----+--------+
         Total |   3580 |   3171 |    409 |      0 |   2711 |   5 |  716.0 |
       Dungeon |   3500 |   3166 |    334 |      0 |   2709 |   4 |  875.0 |
        Temple |     79 |      4 |     75 |      0 |      2 |   1 |   79.0 |
               +--------+--------+--------+--------+--------+-----+--------+

Top non-repeatable levels by time:
     D:1: 1031 daAuts
     D:2: 1006 daAuts
     D:3: 965 daAuts
     D:4: 496 daAuts
  Temple: 79 daAuts

Levels and vault maps discovered:
D:1:      dpeg_arrival_concentric_ovals, layout_loops_ring
D:2:      layout_loops_ring, minmay_fountain_box, columned_hall_lemuel
D:3:      layout_basic, minmay_misc_feat_diagonals, minmay_misc_feat_iff,
          minmay_lizard_king, uniq_grinder
D:4:      layout_loops_corners, trog_ov_bears_minmay,
          minmay_temple_entry_drinking_statues
Temple:   eino_temple_water

Table legend: (Time is in decaauts)
 A = Elapsed time spent in this place.
 B = Non-inter-level travel time spent in this place.
 C = Inter-level travel time spent in this place.
 D = Time resting spent in this place.
 E = Time spent auto-exploring this place.
 F = Levels seen in this place.
 G = Mean time per level.
                   A        B        C        D        E       F      G
               +--------+--------+--------+--------+--------+-----+--------+
         Total |   3580 |   3171 |    409 |      0 |   2711 |   5 |  716.0 |
       Dungeon |   3500 |   3166 |    334 |      0 |   2709 |   4 |  875.0 |
        Temple |     79 |      4 |     75 |      0 |      2 |   1 |   79.0 |
               +--------+--------+--------+--------+--------+-----+--------+

Top non-repeatable levels by time:
     D:1: 1031 daAuts
     D:2: 1006 daAuts
     D:3: 965 daAuts
     D:4: 496 daAuts
  Temple: 79 daAuts

Table legend:
 A = Kills in this place as a percentage of kills in the entire game.
 B = Kills by you in this place as a percentage of kills by you in the entire game.
 C = Kills by friends in this place as a percentage of kills by friends in the entire game.
 D = Other kills in this place as a percentage of other kills in the entire game.
 E = Experience gained in this place as a percentage of experience gained in the entire game.
 F = Experience gained in this place divided by the number of levels of this place that you have seen.
                   A       B       C       D       E      F
               +-------+-------+-------+-------+-------+----------------------
         Total | 100.0 | 100.0 |   N/A |   N/A | 100.0 | 142.2
       Dungeon | 100.0 | 100.0 |   N/A |   N/A | 100.0 | 177.8
               +-------+-------+-------+-------+-------+----------------------
